 Dungeon Crawl Stone Soup version 0.22.1-2-g9c5b331383 (webtiles) character file.

17262 Ihlosi the Thaumaturge (level 12, -1/71 HPs)
             Began as a Kobold Ice Elementalist on Jan 5, 2019.
             Was a High Priest of Sif Muna.
             Slain by a blink frog (11 damage)
             ... on level 4 of the Lair of Beasts on Jan 6, 2019.
             The game lasted 00:56:15 (15415 turns).

Ihlosi the Thaumaturge (Kobold Ice Elementalist)   Turns: 15415, Time: 00:56:16

Health: -1/71      AC: 12    Str:  6    XL:     12   Next: 80%
Magic:  16/25      EV: 20    Int: 20    God:    Sif Muna [*****.]
Gold:   594        SH:  0    Dex: 16    Spells: 17/30 levels left

rFire    . . .     SeeInvis .   a - +3 dagger (elec)
rCold    . . .     Gourm    .   (shield restricted)
rNeg     . . .     Faith    .   N - +2 robe {Archmagi}
rPois    .         Spirit   .   o - +2 hat
rElec    .         Reflect  .   g - +0 cloak
rCorr    .         Harm     .   j - +1 pair of gloves
MR       +....                  Y - +0 pair of boots
Stlth    ++++......             k - amulet of regeneration
HPRegen  0.61/turn              l - ring of protection from magic
MPRegen  0.19/turn              M - +2 ring of protection

@: frozen, very slow
A: small, carnivore
a: Divine Energy, Channel Magic, Forget Spell, Renounce Religion


You were on level 4 of the Lair of Beasts.
You worshipped Sif Muna.
Sif Muna was extremely pleased with you.
You were very full.

You visited 3 branches of the dungeon, and saw 15 of its levels.
You also visited: Sewer.

You collected 594 gold pieces.

Inventory:

Hand Weapons
 a - a +3 dagger of electrocution (weapon)
 d - a +2 falchion of electrocution
 A - a +0 blowgun
 T - a +4 scimitar
Missiles
 f - 16 curare-tipped needles
 z - 60 poisoned needles
 P - a throwing net (quivered)
Armour
 g - a +0 cloak (worn)
 j - a +1 pair of gloves (worn)
 o - a +2 hat (worn)
 r - a +1 helmet
 E - a +0 robe of fire resistance
 G - a +2 robe of cold resistance
 L - a +0 buckler
 N - a +2 robe of the Archmagi (worn)
 Y - a +0 pair of boots (worn)
Magical Staves
 b - an uncursed staff of cold
Jewellery
 k - an amulet of regeneration (around neck)
 l - a ring of protection from magic (left hand)
 y - an uncursed amulet of magic regeneration
 K - an uncursed ring of protection from fire
 M - a +2 ring of protection (right hand)
 V - an uncursed ring of protection from magic
Wands
 m - a wand of paralysis (8)
 p - a wand of polymorph (41)
 D - a wand of disintegration (20)
 I - a wand of enslavement (23)
 R - a wand of acid (23)
 U - a wand of clouds (7)
Scrolls
 e - 7 scrolls of teleportation
 h - 4 scrolls of remove curse
 q - a scroll of fear
 t - 5 scrolls of amnesia
 B - 3 scrolls of identify
 C - 2 scrolls of enchant armour
 F - 2 scrolls of immolation
 J - a scroll of silence
 Q - a scroll of torment
 X - a scroll of magic mapping
Potions
 i - 2 potions of flight
 s - 5 potions of resistance
 u - 4 potions of brilliance
 v - 4 potions of agility
 w - 2 potions of might
 x - 3 potions of heal wounds
 H - a potion of curing
 Z - 3 potions of lignification
Miscellaneous
 S - a sack of spiders
 W - a box of beasts
Comestibles
 c - 25 rations


   Skills:
 * Level 6.4 Fighting
 * Level 6.5 Short Blades
 * Level 7.1 Dodging
 * Level 8.4 Stealth
 * Level 4.0 Shields
 * Level 9.5 Spellcasting
 * Level 7.6 Conjurations
 * Level 1.2 Translocations
 * Level 9.4 Ice Magic
 * Level 7.1 Evocations


You had 17 spell levels left.
You knew the following spells:

 Your Spells              Type           Power        Failure   Level  Hunger
a - Freeze                Ice            ####         1%          1    None
b - Throw Icicle          Conj/Ice       ######..     2%          4    ##.....
c - Summon Ice Beast      Ice/Summ       #####...     11%         4    ##.....
d - Force Lance           Conj/Tloc      #####...     12%         4    ##.....

Your spell library contained the following spells:

 Spells                   Type           Power        Failure   Level  Hunger
 Magic Dart               Conj           ####         1%          1    None
 Searing Ray              Conj           ######       1%          2    None
 Throw Frost              Conj/Ice       ######       1%          2    None
 Ozocubu's Armour         Chrm/Ice       #####...     3%          3    None
 Iskenderun's Mystic Bla  Conj           ######..     3%          4    ##.....
 Dazzling Spray           Conj/Hex       #####.       4%          3    None
 Fulminant Prism          Conj/Hex       #####.....   16%         4    ##.....


Dungeon Overview and Level Annotations

Branches:
Dungeon (9/15)             Temple (1/1) D:4            Lair (5/6) D:8
  Snake (0/4) Lair:3
  Swamp: Lair:2-4    Shoals: Lair:2-4     Slime: Lair:5-6       Orc: D:9-12

Altars:
Ashenzari
Cheibriados
Dithmenos
Elyvilon
Fedhas
Gozag
Hepliaklqana
Kikubaaqudgha
Makhleb
Nemelex Xobeh
Okawaru
Qazlal
Ru
Sif Muna
Trog
Uskayaw
Vehumet
Wu Jian
Xom
Yredelemnul
Zin
The Shining One
Beogh

Shops:
D:5 =   D:8 *

Annotations:
D:9 3 runed doors, lis82's ghost, journeyman DgFE
Lair:3 Nergalle


Innate Abilities, Weirdness & Mutations

You are small and have problems with some larger weapons.
You are carnivorous and can eat meat at any time.


Message History

The blink frog blinks!
The blink frog blinks!
There is a stone staircase leading down here.
The blink frog hits you!
The blink frog blinks!
You climb downwards.
A porcupine, 2 tyrant leeches and a hippogriff come into view.
Found 21 gold pieces and a ration.
There is a stone staircase leading up here.
You climb upwards.
There is a stone staircase leading down here.
The blink frog blinks!
The blink frog hits you. The rime drake breathes ice at you.
The flash freeze hits you!
You are encased in ice.
The blink frog misses you.
The bullfrog releases a deep croak.
The blink frog blinks!
The blink frog hits you!
* * * LOW HITPOINT WARNING * * *
The blink frog hits you!
You die...

##..## #...# . #...#
.PP##..§## #...#
.......F.## #...#
.##.###k...# #...#
.......>..## #...#
......P...F# #...#
........F@## #######...#
...........#####.##.#....#
.....P†..................#
......#...................
.....#....................
.....##...##.#P###.###....
... ########## ### #...P .
#P.#P #####


You could see 2 blink frogs, a rime drake and a bullfrog.

Vanquished Creatures
  Fannar (Lair:3)
  A hydra (Lair:3)
  A two-headed ogre (D:8)
  Pikel (D:6)
  A torpor snail (Lair:2)
  7 spiny frogs
  3 komodo dragons
  Prince Ribbit (D:8)
  8 blink frogs
  5 hippogriffs
  9 yaks
  A wyvern (D:8)
  A basilisk (Lair:4)
  A hungry ghost (D:9)
  2 wargs (D:8)
  5 nagas (Lair:3)
  Duvessa (D:7)
  3 porcupines
  9 water moccasins
  3 orc warriors
  2 sky beasts
  4 ice beasts
  A black bear (Lair:1)
  A hornet zombie (D:9)
  6 ogres
  5 centaurs
  2 phantoms (D:4)
  4 crocodiles
  3 big kobolds
  8 bullfrogs
  A gnoll sergeant (D:8)
  2 wyvern zombies (D:9)
  A water moccasin zombie (D:8)
  3 scorpions
  Dowan (D:7)
  5 wights (D:8)
  7 killer bees
  3 howler monkeys (D:7)
  2 crimson imps
  A bullfrog zombie (D:7)
  6 hounds
  5 orc priests
  A jelly (D:7)
  4 orc wizards
  A bullfrog skeleton (D:9)
  2 iguanas
  7 worker ants
  A hound skeleton (D:4)
  A worker ant zombie (D:5)
  9 gnolls
  A howler monkey skeleton (D:5)
  21 adders
  3 river rats (Sewer)
  3 shadow imps
  2 oozes
  3 adder skeletons
  4 worms
  3 dart slugs
  6 leopard geckos
  26 orcs
  7 ball pythons
  8 bats
  6 giant cockroaches
  12 goblins
  12 hobgoblins
  11 jackals
  21 kobolds
  6 quokkas
  7 frilled lizards
  A giant cockroach zombie (D:5)
  A leopard gecko skeleton (D:4)
  A quokka skeleton (D:4)
  A quokka zombie (D:5)
  34 rats
363 creatures vanquished.

Vanquished Creatures (others)
  4 slaves (D:6)
  A big kobold (D:9)
  3 killer bees (D:9)
  2 orcs (D:6)
  A kobold (D:9)
  2 fungi (Lair:2)
  10 plants
23 creatures vanquished.

Grand Total: 386 creatures vanquished

Notes
Turn   | Place    | Note
-------+----------+-------------------------------------------
     0 | D:1      | Ihlosi the Kobold Ice Elementalist began the quest for the
                  | Orb.
     0 | D:1      | Reached XP level 1. HP: 10/10 MP: 3/3
   157 | D:1      | Reached XP level 2. HP: 10/15 MP: 3/5
   580 | D:1      | Reached skill level 1 in Fighting
   582 | D:1      | Reached XP level 3. HP: 20/20 MP: 2/6
   666 | D:1      | Found an iron altar of Okawaru.
  1337 | D:2      | Reached XP level 4. HP: 16/25 MP: 3/8
  1870 | D:2      | Reached XP level 5. HP: 27/30 MP: 9/9
  1912 | D:2      | Learned a level 4 spell: Throw Icicle
  1917 | D:2      | Learned a level 4 spell: Summon Ice Beast
  2826 | D:3      | Found a sacrificial altar of Ru.
  2932 | D:3      | Found a glowing drain.
  2939 | D:3      | Reached XP level 6. HP: 28/35 MP: 11/11
  2947 | Sewer    | Entered a sewer
  3008 | Sewer    | Reached skill level 1 in Short Blades
  3693 | Sewer    | Reached XP level 7. HP: 35/40 MP: 7/13
  3950 | D:4      | Found a staircase to the Ecumenical Temple.
  3970 | Temple   | Entered the Ecumenical Temple
  4027 | Temple   | Became a worshipper of Sif Muna the Loreminder
  4357 | D:4      | Reached skill level 1 in Evocations
  4378 | D:4      | Found a snail-covered altar of Cheibriados.
  4415 | D:4      | Reached XP level 8. HP: 45/46 MP: 14/14
  4769 | D:4      | Found a shadowy altar of Dithmenos.
  4776 | D:4      | Reached skill level 5 in Stealth
  4897 | D:5      | Entered Level 5 of the Dungeon
  4913 | D:5      | Found Bigotop's Jewellery Shoppe.
  5092 | D:5      | Reached skill level 5 in Ice Magic
  5345 | D:5      | Reached skill level 5 in Dodging
  5483 | D:5      | Found a stormy altar of Qazlal.
  5501 | D:5      | Reached XP level 9. HP: 52/52 MP: 16/16
  5658 | D:5      | Reached * piety under Sif Muna
  5662 | D:5      | Reached skill level 5 in Short Blades
  5811 | D:5      | Reached skill level 5 in Spellcasting
  6107 | D:6      | Noticed Pikel
  6144 | D:6      | Killed Pikel
  6906 | D:6      | Found a radiant altar of Vehumet.
  6906 | D:6      | Found a basalt altar of Yredelemnul.
  7385 | D:7      | Noticed Dowan
  7474 | D:7      | Reached XP level 10. HP: 58/58 MP: 13/18
  7478 | D:7      | Found a shadowy altar of Dithmenos.
  7503 | D:7      | Reached ** piety under Sif Muna
  7592 | D:7      | Noticed Duvessa
  7596 | D:7      | Killed Dowan
  7602 | D:7      | Killed Duvessa
  7721 | D:7      | Reached skill level 5 in Fighting
  7794 | D:7      | Reached skill level 1 in Shields
  7837 | D:7      | Found an ornate altar of the Wu Jian Council.
  8020 | D:8      | Noticed Prince Ribbit
  8189 | D:8      | Found a shadowy altar of Dithmenos.
  8191 | D:8      | Found a shadowy altar of Dithmenos.
  8191 | D:8      | Found an ancient bone altar of Kikubaaqudgha.
  8193 | D:8      | Found a sacrificial altar of Ru.
  8193 | D:8      | Found a shimmering altar of Xom.
  8193 | D:8      | Found an iron altar of Okawaru.
  8236 | D:8      | Found a staircase to the Lair.
  8570 | D:8      | Noticed a two-headed ogre
  8576 | D:8      | Killed a two-headed ogre
  8576 | D:8      | Reached *** piety under Sif Muna
  8576 | D:8      | Reached skill level 5 in Evocations
  8582 | D:8      | Killed Prince Ribbit
  8690 | D:8      | Reached XP level 11. HP: 64/64 MP: 22/22
  8829 | D:8      | Found Zaeciwn's General Store.
  9660 | D:9      | Reached skill level 5 in Conjurations
 10067 | D:9      | Found a hide-covered altar of Uskayaw.
 10318 | D:9      | Reached **** piety under Sif Muna
 10560 | D:9      | Found a runed gate.
 10561 | D:9      | Found a runed gate.
 10561 | D:9      | Noticed lis82's ghost (journeyman DgFE)
 10562 | D:9      | Found a runed gate.
 10572 | D:9      | Found a roughly hewn altar of Beogh.
 10622 | D:9      | Noticed a tengu warrior
 10672 | Lair:1   | Entered Level 1 of the Lair of Beasts
 11593 | Lair:1   | Identified a scroll of acquirement
 11595 | Lair:1   | Got a shimmering crystal plate armour
 11601 | Lair:1   | Identified the +6 crystal plate armour of Grace {rC+ Str+4
                  | Dex+2} (You acquired it on level 1 of the Lair of Beasts)
 11837 | Lair:2   | Noticed Sonja
 12377 | Lair:2   | Noticed Sonja
 12377 | Lair:2   | Sonja changed into Sonja the yak
 12379 | Lair:2   | Killed Sonja the yak
 12531 | Lair:2   | Reached XP level 12. HP: 70/70 MP: 12/25
 13240 | Lair:3   | Noticed Fannar
 13357 | Lair:3   | Reached ***** piety under Sif Muna
 13462 | Lair:3   | Killed Fannar
 13550 | Lair:3   | Noticed Nergalle
 13824 | Lair:3   | Received a gift from Sif Muna
 13831 | Lair:3   | Learned a level 4 spell: Force Lance
 13970 | Lair:3   | Noticed a seven-headed hydra
 13976 | Lair:3   | Killed a seven-headed hydra
 14248 | Lair:3   | Found a staircase to the Snake Pit.
 14672 | Lair:4   | Found a shimmering altar of Xom.
 14888 | Lair:3   | Reached skill level 1 in Translocations
 15415 | Lair:4   | Slain by a blink frog

Skill      XL: |  1  2  3  4  5  6  7  8  9 10 11 12 |
---------------+-------------------------------------+-----
Fighting       | 1 2 3 4 5 6 |  6.4
Stealth        | 3 4 5 6 7 8 |  8.4
Spellcasting   | 3 4 5 7 9 |  9.5
Ice Magic      | 4 5 6 7 9 |  9.4
Dodging        | 3 4 5 6 7 |  7.1
Short Blades   | 1 3 4 6 |  6.5
Conjurations   | 2 4 6 7 |  7.6
Evocations     | 1 2 3 5 6 7 |  7.1
Shields        | 2 3 4 |  4.0
Translocations | 1 |  1.2

Action                   |  1- 3 |  4- 6 |  7- 9 | 10-12 || total
-------------------------+-------+-------+-------+-------++-------
Melee: Unarmed           |     4 |       |       |       ||     4
       Falchion          |    34 |    36 |       |       ||    70
       Dagger            |       |   149 |   266 |   342 ||   757
       Short sword       |       |       |    12 |       ||    12
       Staff             |       |       |       |     9 ||     9
 Cast: Freeze            |    34 |    86 |    32 |    62 ||   214
       Throw Icicle      |       |       |       |    98 ||    98
       Force Lance       |       |       |       |     2 ||     2
Evoke: Wand              |       |       |     8 |    36 ||    44
  Use: Scroll            |       |     3 |    16 |    12 ||    31
       Potion            |       |     3 |       |     3 ||     6
 Stab: Sleeping          |     5 |     8 |    12 |    15 ||    40
       Paralysed         |       |       |     4 |    10 ||    14
       Distracted        |       |       |     1 |     1 ||     2
       Invisible         |       |       |       |     1 ||     1
  Eat: Chunk             |     9 |     8 |    17 |    39 ||    73
Armor: Robe              |     8 |    41 |    27 |    80 ||   156
       Skin              |       |       |       |     3 ||     3
Dodge: Dodged            |    56 |   225 |   200 |   292 ||   773
       Rpst.: Falchion   |    15 |    21 |       |       ||    36
